Cogmind - Beta 14 @@@ ROGUE MODE // 2024.10.01 @ 11:36:52 Player: Dazz Result: Destroyed by S-10 Pest with Light Assault Rifle Performance ------------- Evolutions (0) 0 Regions Visited (1) 200 Robots Destroyed (13) 65 Value Destroyed (250) 250 Prototype IDs (0) 0 Alien Tech Used (0) 0 Bonus (0) 0 TOTAL SCORE: 515 Bonus ------- None Cogmind --------- Core Integrity 0/250 Matter 295/300 Energy 123/125 System Corruption 0% Temperature Cool (0) Movement Rolling (90) Location -10/Materials Parts ------- > --- POWER (1) -------- Light Ion Engine > --- PROPULSION (2) --- Wheel Compact Wheel > --- UTILITY (2) ------ Small Storage Unit > --- WEAPON (2) ------- Small Laser > --- INVENTORY (8) ---- Compact Wheel Compact Wheel Seismic Detector Light Armor Plating Peak State ------------ > --- POWER ------------ Ion Engine > --- PROPULSION ------- Wheel Wheel > --- UTILITY ---------- Small Storage Unit Improved Terrain Scanner > --- WEAPON ----------- EM Pulse Gun Medium Laser > --- INVENTORY -------- Light Ion Engine Wheel Compact Wheel Compact Wheel Compact Wheel Seismic Detector [Rating: 9] Favorites ----------- Power Ion Engine Engine Ion Engine Propulsion Wheel Wheel Wheel Utility Small Storage Unit Device Improved Terrain Scanner Storage Small Storage Unit Weapon EM Pulse Gun Energy Gun EM Pulse Gun Build | -11 -10 ------- Run | Yrd Mat Slots Evolved . | . . Power . | . . Propulsion . | . . Utility . | . . Weapon . | . . Parts Attached 16 | 6 10 Power 2 | 1 1 Engine 2 | 1 1 Core . | . . Reactor . | . . Propulsion 6 | 2 4 Treads . | . . Leg . | . . Wheel 6 | 2 4 Hover . | . . Flight . | . . Utility 4 | 1 3 Device 3 | . 3 Storage 1 | 1 . Processor . | . . Hackware . | . . Protection . | . . Artifact . | . . Weapon 4 | 2 2 Energy Gun 4 | 2 2 Energy Cannon . | . . Ballistic Gun . | . . Ballistic Cannon . | . . Launcher . | . . Special Weapon . | . . Impact Weapon . | . . Slashing Weapon . | . . Piercing Weapon . | . . Special Melee Weapon . | . . Unidentified Prototypes . | . . Parts Lost 8 | . 8 Power 1 | . 1 Propulsion 2 | . 2 Utility 2 | . 2 Weapon 3 | . 3 Highest Loss Streak 5 | . 5 To Critical Strikes . | . . Average Slot Usage (%) 90 | . 90 Engine 13 | . 13 Wheel 25 | . 25 Device 7 | . 7 Storage 14 | . 14 Energy Gun 26 | . 26 Peak Build Rating 9 | 6 9 Average Rating 6 | 3 7 On Entrance 3 | . 6 Naked Turns . | . . Heaviest Build 15 | 14 15 Greatest Support 32 | 32 32 Greatest Overweight (x) 2 | . 2 Average Overweight (x) . | . . Largest Inventory Capacity 8 | 8 8 Average Capacity 7 | 7 8 Most Carried 8 | 4 8 Average Carried 5 | 1 5 Final Capacity 8 | 8 8 Final Carried 4 | 2 4 Class Distribution -------------------- 100% | Mutant Dominant Class ---------------- Mutant | -10/Materials Resources | -11 -10 ----------- Run | Yrd Mat Matter Collected 340 | 203 137 Remotely . | . . Salvage Created 340 | . 340 Parts 33 | . 33 Haulers Intercepted . | . . Recyclers Shooed . | . . Parts Field Recycled . | . . Retrieved Matter . | . . Parts Self-Destructed . | . . Prevented . | . . Kills | -11 -10 ------- Run | Yrd Mat Combat Hostiles Destroyed 9 | . 9 Guns 6 | . 6 AOE 3 | . 3 Classes Destroyed 5 | . 5 Builder 1 | . 1 Tunneler 1 | . 1 Watcher 2 | . 2 Swarmer 5 | . 5 Grunt 4 | . 4 Best Kill Streak 4 | . 4 Combat Bots Only 4 | . 4 Max Kills in Single Turn 3 | . 3 Gunslinging . | . . Exploded 3 | . 3 Melee . | . . Uniques/NPCs Destroyed . | . . Combat | -11 -10 -------- Run | Yrd Mat Hostile Shots Fired 102 | . 102 Missed 28 | . 28 Damage Taken 797 | . 797 Core 252 | . 252 Absorbed by Shields . | . . Core Remaining (%) 100 | 100 . Volleys Fired 33 | . 33 Largest 2 | . 2 Hottest 90 | . 90 Shots Fired 60 | . 60 Gun 60 | . 60 Cannon . | . . Launcher . | . . Special . | . . Kinetic . | . . Thermal 26 | . 26 Explosive . | . . Electromagnetic 34 | . 34 Robot Hit Streak 5 | . 5 Robot Miss Streak 6 | . 6 Penetration Max . | . . Secondary Targets . | . . Shots Hit Robots 28 | . 28 Core Hits 17 | . 17 Critical Kills . | . . Critical Parts Destroyed . | . . Critical Strikes . | . . Melee Attacks . | . . Impact . | . . Slashing . | . . Piercing . | . . Sneak Attacks . | . . Combat Hostiles . | . . Follow-up Attacks . | . . Damage Inflicted 490 | . 490 Guns 412 | . 412 Cannons . | . . Explosions 78 | . 78 Melee . | . . Ramming . | . . Kinetic . | . . Thermal 202 | . 202 Explosive . | . . Electromagnetic 288 | . 288 Impact . | . . Slashing . | . . Piercing . | . . Highest Corruption . | . . Average Corruption . | . . Corruption Purged . | . . Corruption Blocked . | . . Overload Shots . | . . Overflow Damage 2 | . 2 Projectiles . | . . Explosions 2 | . 2 Melee . | . . Knockbacks . | . . Impact . | . . Kinetic . | . . Secondary . | . . Self-Inflicted Damage 22 | . 22 Shots 1 | . 1 Rammed . | . . Targets Rammed . | . . Kicked . | . . Crushed . | . . Highest Temperature 404 | . 404 Average Temperature 125 | . 125 Received Heat Transfer 366 | . 366 Effects 1 | . 1 Interference 1 | . 1 Siege Activations . | . . Robots Corrupted . | . . Combat Hostiles . | . . Parts Fried 2 | . 2 Impact Corruptions . | . . Robots Melted . | . . Combat Hostiles . | . . Parts Melted . | . . Heat Transferred 470 | . 470 Parts Sabotaged . | . . Parts Stolen . | . . Parts Stripped . | . . Power Chain Reactions 1 | . 1 Alert | -11 -10 ------- Run | Yrd Mat Peak Influence 342 | . 342 Initial . | . . Average 161 | . 176 Maximum Alert Level 1 | . 1 Low Security (%) 56 | 100 52 Level 1 43 | . 47 Level 2 . | . . Level 3 . | . . Level 4 . | . . Level 5 . | . . High Security . | . . Max Security . | . . Squads Dispatched 6 | . 6 Investigation 5 | . 5 Extermination . | . . Reinforcement 1 | . 1 Assault . | . . Garrison . | . . Intercept . | . . Searches Triggered . | . . Construction Impeded . | . . Haulers Reinforced . | . . Active Scanning Responses . | . . Cargo Convoy Interrupts . | . . Stealth | -11 -10 --------- Run | Yrd Mat Distress Signals . | . . Communications Jammed . | . . Distress Signals . | . . Times Spotted 27 | . 27 Peak Tracking Total 6 | . 6 Tactical Retreats 3 | . 3 Traps | -11 -10 ------- Run | Yrd Mat Traps Triggered 2 | . 2 Indirectly . | . . Trap Hack Attempts . | . . Triggered . | . . Disarmed . | . . Reprogrammed . | . . Reused . | . . Traps Extracted . | . . Installed . | . . Triggered . | . . Machines | -11 -10 ---------- Run | Yrd Mat Machines Disabled 2 | . 2 Max in Single Turn 2 | . 2 Machines Repaired . | . . Machines Dismantled . | . . Machines Sabotaged . | . . Overloaded Fab Kills . | . . Hacking | -11 -10 --------- Run | Yrd Mat Machines Accessed 6 | . 6 Terminals 4 | . 4 Fabricators . | . . Repair Stations . | . . Recycling Units 2 | . 2 Scanalyzers . | . . Garrison Access . | . . Total Hacks 19 | . 19 Successful 5 | . 5 Failed 14 | . 14 Catastrophic 5 | . 5 Database Lockouts . | . . Manual 11 | . 11 Terminals 11 | . 11 Fabricators . | . . Repair Stations . | . . Recycling Units 8 | . 8 Scanalyzers . | . . Garrison Access . | . . Terminal Hacks 2 | . 2 Security Status 1 | . 1 Zone Layout 1 | . 1 Fabricator Hacks . | . . Repair Station Hacks . | . . Recycling Unit Hacks 3 | . 3 Report Inventory 2 | . 2 Retrieve Components 1 | . 1 Scanalyzer . | . . Garrison Access Hacks . | . . Unauthorized Hacks . | . . Terminals . | . . Fabricators . | . . Repair Stations . | . . Recycling Units . | . . Scanalyzers . | . . Garrison Access . | . . Data Cores Recovered . | . . Used . | . . Hacking Detections 6 | . 6 Full Trace Events 4 | . 4 Feedback Events . | . . Feedback Blocked . | . . Robot Schematics Acquired . | . . Robots Built . | . . Authchips . | . . Time . | . . Total Robot Build Rating . | . . Part Schematics Acquired . | . . Parts Built . | . . Authchips . | . . Time . | . . Total Part Build Rating . | . . Parts Repaired . | . . Time . | . . Parts Recycled . | . . Recycled Matter . | . . Retrieved Matter . | . . Retrieved Components 4 | . 4 Parts Scanalyzed . | . . Part Schematics Acquired . | . . Parts Damaged . | . . Bothacking | -11 -10 ------------ Run | Yrd Mat Used RIF Installer . | . . Robots Hacked . | . . Non-combat . | . . Combat . | . . Robot Hacks Applied . | . . Relay Couplers Released . | . . Fabnet Peak Effective % . | . . Robots Rewired . | . . Allies Hacked . | . . Hacks Repelled . | . . Allies | -11 -10 -------- Run | Yrd Mat Total Allies . | . . Largest Group . | . . Highest-Rated Group . | . . Highest-Rated Ally . | . . Total Orders . | . . Ally Attacks . | . . Total Damage . | . . Kills . | . . Allies Corrupted . | . . Allies Melted . | . . Intel | -11 -10 ------- Run | Yrd Mat Robot Analysis Total . | . . Derelict Logs Recovered . | . . Drone Launches . | . . Drone Recoveries . | . . Exploration | -11 -10 ------------- Run | Yrd Mat Turns Passed 607 | 51 556 Spaces Moved 570 | 44 526 Core 16 | 13 3 Treads . | . . Legs . | . . Wheels 554 | 31 523 Hover . | . . Flight . | . . Fastest Speed 50 | 50 80 Average Speed 82 | 85 82 Slowest Speed 150 | 100 150 Overloaded Moves . | . . Propulsion Burnouts . | . . Robots Hopped . | . . Cave-ins Triggered . | . . Exploration Rate (%) 40 | 3 78 Regions Visited 1 Branch Regions . Pre-discovered Areas . | . . Known Exits Taken . | . . Unknown Exits Taken 1 | 1 . Scrap Searched . | . . Spaces Dug . | . . Terrain Destroyed 2 | . 2 Melee . | . . Projectile . | . . AOE 2 | . 2 Terrain Rammed . | . . Walls Destroyed . | . . Machines Disabled . | . . Actions | -11 -10 --------- Run | Yrd Mat Total 647 | 57 590 Wait 5 | . 5 Move 569 | 43 526 Hop . | . . Pick Up 19 | 8 11 Fast Attach . | . . Attach 16 | 6 10 Detach 3 | . 3 Swap . | . . Drop 2 | . 2 Fire 33 | . 33 Melee . | . . Ram . | . . Kick . | . . Crush . | . . Escape Stasis . | . . Rewire . | . . Trap . | . . Miscellaneous . | . . Route ------- -11/Scrapyard -10/Materials (discovered 3 exits: [*Mat x2] / [*Min]) History --------- Turn | Location | Event 29 | -11/Scrapyard | Discovered new exit (range 15) 52 | -11/Scrapyard | Entered Materials 273 | -10/Materials | Discovered new exit (range 12) 311 | -10/Materials | Build established: Mutant 312 | -10/Materials | Discovered new exit (range 12) 457 | -10/Materials | Discovered new exit (range 15) 515 | -10/Materials | Core integrity fell below 50% 541 | -10/Materials | Lost 5 parts (1p2n1u1w) 592 | -10/Materials | Core integrity fell below 20% 608 | -10/Materials | Destroyed by S-10 Pest with Light Assault Rifle Last Messages --------------- 00508_ Imp. Terrain Scanner destroyed. 00510_ Ion Engine destroyed. 00516_ Overheating: System interference. 00516_ Med. Laser temporarily disabled. 00520_ Acquired Sml. Laser. 00552_ Acquired 30 matter. 00557_ K-01 Serf cleans the Integration Channel. 00564_ K-01 Serf collects debris. 00577_ Connecting with Recycling Unit... >>Recycling(Report) Matter reserves: 0 Inventory: Power Shielding (54%) Hcp. Storage Unit (26%) Hcp. Matter Pod (55%) Com. Wheel (100%) Welding Torch (93%) Wheel (75%) Wheel (92%) 00581_ Med. Laser destroyed. Map ----- +----------------------------------------------------+ | | | | | | | | | ?????????????????????????????????????????? | | ?????????????????????????????????????????? | | ?????????????????????????????????????????? | | ?????????????????????????????????????????? | | ?????????????????????????????????????????? | | ????????+????????????????????????????????? | | ???????? ????????????????????????????????? | | ???????? ????????????????????????????????? | | ???????# #???????????????????????????????? | | ???????# #???????????????????????????????? | | ???????# #???????????????????????????????? | | ???????# ###########?????????????????????? | | ???????# # #?????????????????????? | | ???????# # [ #?????????????????????? | | ???????# # #?????????????????????? | | ???????# / #?????????????????????? | | ???????# # #?????????????????????? | | ???????# # #?????????????????????? | | ???????# # #?????????????????????? | | ???????# # #?????????????????????? | | ???????# #########+#######???????????????? | | ???##### g @ s ????????? | | ???#[[ s s ?????#??? | | ???#[[ gg ????????? | | ???#]] #####+###### ### ?????????? | | ???#]] #???????????? #??????????????? | | ???#!! #????????????? #??????????????? | | ???#!! ^ #??????????????#??????????????? | | ???##### #?????????????????????????????? | | ???????# #??????????????????????? ?????# | | ???????# #??????????? ???????????????? | | ???????# #??????????? ????????##+????? | | ???????# #??????????? ?????#### #### | | ######## #??????????# #????+ | | # # #??????????# ####+#### | | # """ # #???????#T"# | | #= "Y" + #??????## "# | | # # #??????? """ | | # !] # #????????# ^ """ ###### ## | | # ! # #?????#??# """ ?????#??? | | ######## #????????# """ ########+## | | ???????# #??????#?# # # | | ???????# #?????##?# + ! + | | ???????# #??########## # # | | ???????# #??# === # "" # # | | ???????# #??#| === + "T ########### | +----------------------------------------------------+ Best States ------------- Heat Dissipation 25 Energy Generation 10 Energy Capacity 250 Matter Stores 300 Matter Capacity 300 Sight Range 16 Terrain Scan Range 16 Terrain Scan Density 10 Evasion (%) 50 Item Schematics ----------------- None Robot Schematics ------------------ None Fabricated ------------ Nothing Alien Tech Used ----------------- None Achievements -------------- None Challenges ------------ None Game ------ Seed NeutrinoChipBay Manual? 0 Play Time 00:12:57 Cumulative 7.1 hours Start 2024.10.01 @ 11:26:18 End 2024.10.01 @ 11:36:52 Sessions 1 Manual Loads 0 Difficulty Rogue Special Mode None Game No. 21 Rogue 21 Adventurer 0 Explorer 0 Win Type - Total 0 Types 0/0/0/0/0/0/0/0/0 Lore% 2 Gallery% 8 Achievement% 10 Wizard Run 0 Options --------- Layout 1 ASCII 0 Keyboard 1 Movement Numpad Keybinds 0 Fullscreen 2 Font 32/SmallcapsGlow Map View 50x35 Zoom Use 0% Tactical HUD 1 Map Filters NONE Filters NONE Steam 1 RUN: 2d09476a-bf30-426b-af5e-2e8881a1ed2f